 Seeded DCSS version 0.30-a0-830-gfe289a77b0 (webtiles) character file.

Game seed: 10962520627805071627 (custom seed)

58 demibob the Cudgeller (level 3, -1/54 HPs)
             Began as a Troll Berserker on Feb 28, 2023.
             Was a Follower of Trog.
             Slain by a gnoll
             ... wielding a +0 spear
              (3 damage)
             ... on level 2 of the Dungeon.
             The game lasted 00:01:43 (781 turns).

demibob the Cudgeller (Troll Berserker)              Turns: 781, Time: 00:01:43

Health: -1/54      AC:  5    Str: 22    XL:     3   Next: 76%
Magic:  2/2        EV: 10    Int:  5    God:    Trog [*.....]
Gold:   724        SH:  0    Dex:  9    Spells: 2/2 levels left

rFire   . . .      SeeInvis .    a - +9 giant spiked club (spect)
rCold   . . .      Faith    +    (shield currently unavailable)
rNeg    + + .      Spirit   .    b - +0 animal skin
rPois   .          Reflect  .    d - +1 hat of Grace {rElec rN++ rCorr Str-3}
rElec   +          Harm     .    (no cloak)
rCorr   +          Rampage  .    (gloves unavailable)
Will    .....                    (boots unavailable) Stlth
                                 e - amulet of faith {!P}
HPRegen 1.09/turn                (no ring)
MPRegen 0.08/turn                (no ring)

@: berserking (expiring), very quick
A: large, unfitting armour, claws 3, regeneration 1, shaggy fur 1, tough skin 1
a: Renounce Religion, Berserk


You were on level 2 of the Dungeon.
You worshipped Trog.
Trog was aware of your devotion.
You visited 1 branch of the dungeon, and saw 2 of its levels.

You collected 724 gold pieces.


Innate Abilities, Weirdness & Mutations

You are too large for most types of armour.
You have claws for hands.
Your natural rate of healing is unusually fast.
You are covered in fur. (AC +1)
You have tough skin. (AC +1)


   Skills:
 - Level 2.4 Fighting
 + Level 4.3 Maces & Flails
 - Level 2.4 Dodging


You had 2 spell levels left.
You didn't know any spells.
Your spell library was empty.

Inventory:

Hand Weapons
 a - a +9 spectral giant spiked club (weapon)
 h - a +0 mace
Armour
 b - a +0 animal skin (worn)
 d - the +1 hat of Grace (worn) {rElec rN++ rCorr Str-3}
   (You acquired it on level 1 of the Dungeon)

   Str:       It affects your strength (-3).
   rElec:     It insulates you from electricity.
   rN:        It greatly protects you from negative energy.
   rCorr:     It protects you from acid and corrosion.
Jewellery
 e - an amulet of faith (around neck) {!P}
Scrolls
 c - a scroll of identify {unknown}
 g - 3 scrolls of enchant armour {unknown}
Potions
 f - a potion of berserk rage {unknown}
 i - a potion of haste {unknown}

Dungeon Overview and Level Annotations

Branches:
Dungeon (2/15)

Altars:

#... ...# #.^. #. #..#
#.# ##..# #.. gB.# #..
#g)# #..# #@{##
?####..########ยงยง.####
................<......
###....#######...####.
#.###.....#### #.....".
............# #.......
#.###.....##.# ########
#. #....###.# #.###.#.##
#.#


You could see 2 gnolls, a giant cockroach and a friendly +9 spectral giant
spiked club (summoned).


Message History

A giant cockroach comes into view.
The gnoll hits you with a +0 whip. The gnoll hits you but does no damage.
The gnoll hits you with a +0 spear.
The gnoll hits you from afar with a +0 spear.
You closely miss the gnoll. The gnoll hits you with a +0 halberd.
The gnoll hits you with a +0 spear. The gnoll barely misses you.
The gnoll hits you with a +0 whip.
* * * LOW HITPOINT WARNING * * *
You are too injured to fight recklessly!
You barely miss the gnoll.
Your +9 spectral giant spiked club hits the gnoll!!!
You kill the gnoll!
Trog accepts your kill. The gnoll hits you with a +0 whip!
* * * LOW HITPOINT WARNING * * *
The gnoll hits you with a +0 spear.
* * * LOW HITPOINT WARNING * * *
The gnoll hits you from afar with a +0 spear.
* * * LOW HITPOINT WARNING * * *
You bludgeon the gnoll!!
You kill the gnoll!
Trog accepts your kill. The gnoll hits you with a +0 spear.
* * * LOW HITPOINT WARNING * * *
The gnoll hits you from afar with a +0 spear!
* * * LOW HITPOINT WARNING * * *
You closely miss the gnoll.
Your +9 spectral giant spiked club hits the gnoll!
The gnoll hits you with a +0 spear.
You die...

Skill      XL: |  1  2  3 |
---------------+----------+-----
Maces & Flails | 3 4 |  4.3
Fighting       | |  2.4
Dodging        | |  2.4

Action                     || total
---------------------------++-------
  Melee: Mace              ||    34
         Giant spiked club ||    19
 Invoke: Berserk           ||     1
    Use: Scroll            ||     3
 Armour: Animal skin       ||    21
  Dodge: Dodged            ||    43

Levels and vault maps discovered:
D:1:      lemuel_arrival_room, layout_basic, serial_aquarium,
          aquarium_bridge_square [aquarium_subvault_bridge,
          aquarium_subvault_window, aquarium_subvault_window,
          aquarium_subvault_bridge], aquarium_window_1, aquarium_window_3,
          aquarium_window_double, aquarium_view_2f, aquarium_view_2d,
          aquarium_balcony_3b
D:2:      layout_loops_ring, basic_ecumenical_altar, minmay_circle_x

Notes
Turn   | Place    | Note
-------+----------+-------------------------------------------
     0 | D:1      | demibob the Troll Berserker began the quest for the Orb.
     0 | D:1      | Reached XP level 1. HP: 22/22 MP: 0/0
    60 | D:1      | Reached skill level 3 in Maces & Flails
   108 | D:1      | Reached XP level 2. HP: 29/29 MP: 1/1
   605 | D:1      | Identified 3 scrolls of acquirement
   605 | D:1      | Acquired a +9 spectral giant spiked club
   607 | D:1      | Acquired 665 gold pieces
   609 | D:1      | Acquired the +1 hat of Grace {rElec rN++ rCorr Str-3}
   720 | D:2      | Reached XP level 3. HP: 12/36 MP: 2/2
   724 | D:2      | Reached skill level 4 in Maces & Flails
   780 | D:2      | HP: 1/54 [gnoll/+0 spear (8)]
   781 | D:2      | Slain by a gnoll

Vanquished Creatures
  2 gnolls (D:2)
  An adder (D:2)
  A worm (D:2)
  A dart slug (D:1)
  A bat (D:1)
  2 endoplasms (D:1)
  A giant cockroach (D:2)
  2 goblins (D:1)
  A hobgoblin (D:1)
  4 jackals (D:2)
  5 kobolds
  A quokka (D:1)
  A ball python (D:1)
  2 rats (D:2)
25 creatures vanquished.

Table legend: (Time is in decaauts)
 A = Elapsed time spent in this place.
 B = Non-inter-level travel time spent in this place.
 C = Inter-level travel time spent in this place.
 D = Time resting spent in this place.
 E = Time spent auto-exploring this place.
 F = Levels seen in this place.
 G = Mean time per level.
                   A        B        C        D        E       F      G
               +--------+--------+--------+--------+--------+-----+--------+
         Total |    797 |    780 |     17 |      0 |    615 |   2 |  398.5 |
       Dungeon |    797 |    780 |     17 |      0 |    615 |   2 |  398.5 |
               +--------+--------+--------+--------+--------+-----+--------+

Top non-repeatable levels by time:
     D:1: 641 daAuts
     D:2: 155 daAuts

Table legend:
 A = Non-vault XP
 B = Vault XP
 C = Vault XP percentage of total XP
 D = Non-vault monster count
 E = Vault monster count
 F = Vault count percentage of total count
                 A         B        C        D         E       F
            +---------+---------+-------+---------+---------+-------
      Total |      84 |       0 |   0.0 |      25 |       0 |   0.0
            +---------+---------+-------+---------+---------+-------
        D:1 |      23 |       0 |   0.0 |      12 |       0 |   0.0
        D:2 |      61 |       0 |   0.0 |      13 |       0 |   0.0
            +---------+---------+-------+---------+---------+-------
